Match 42961476
Unlisted

Match 42961476
End
Royal Engineer Section
Construct Section Command Post
Dingo Light Scout Car
Vickers Machine Gun Team
Selects Air and Sea Battlegroup
Selects Supply Surplus
Construct Resource Cache
Construct Resource Cache
Construct Resource Cache
Construct Resource Cache
Construct Platoon Command Post
Humber Armored Car
Selects Commando Section Paradrop
Selects Commando Support Section Paradrop
Humber Armored Car
Light Vehicle Training
Construct Resource Cache
Construct Resource Cache
Commando Support Section Paradrop
Construct Company Command Post
Selects UNKNOWN (223837)
Construct Resource Cache
Centaur IV Medium Tank
Foot Guards Section
Selects Incendiary Bombing Run
Incendiary Bombing Run
Infantry Training
Commando Section Paradrop
Commando Section Paradrop
Incendiary Bombing Run
Commando Section Paradrop
Incendiary Bombing Run
Selects Assault Flares
Royal Engineer Section
Royal Engineer Section
Royal Engineer Section
Assault Flares
Commando Section Paradrop
Commando Support Section Paradrop
Incendiary Bombing Run
Crusader II Medium Tank
BloodSpark
Zapp Brannigan
Cons01
eXqtor
Gernhardt Reinlunzen
IIIIIIIIIIIIIIII
MRDooM3
oath
0
0

Comments sign in to comment!

No comments posted yet!